 Dungeon Crawl Stone Soup version 0.29.1-4-g47bece8355 (webtiles) character file.

Game seed: 8233676871583492240

36 fantasyman the Trooper (level 3, 34/34 HPs)
             Began as a Naga Berserker on Dec 3, 2022.
             Was a Follower of Trog.
             Got out of the dungeon alive.
             The game lasted 00:02:24 (1268 turns).

fantasyman the Trooper (Naga Berserker)             Turns: 1268, Time: 00:02:24

Health: 34/34      AC:  6    Str: 21    XL:     3   Next: 37%
Magic:  3/3        EV:  4    Int:  7    God:    Trog [*.....]
Gold:   62         SH:  0    Dex: 10    Spells: 2/2 levels left

rFire   . . .      SeeInvis +   a - +0 mace
rCold   . . .      Faith    .   (no shield)
rNeg    . . .      Spirit   .   d - +0 plate armour
rPois   +          Reflect  .   (no helmet)
rElec   .          Harm     .   (no cloak)
rCorr   .          Rampage  .   (no gloves)
Will    .....                   (no barding)
Stlth   ..........              (no amulet)
HPRegen 0.11/turn               (no ring)
MPRegen 0.08/turn               (no ring)

@: very slow
A: AC +1, large, see invisible, deformed body, poison resistance, slowness 2,
spit poison 1, naga tail 1
a: Spit Poison, Renounce Religion, Berserk


You escaped.
You worshipped Trog.
Trog was aware of your devotion.
You visited 1 branch of the dungeon, and saw 1 of its levels.

You collected 62 gold pieces.

Inventory:

Hand Weapons
 a - a +0 mace (weapon)
Armour
 b - a +0 animal skin
 d - a +0 plate armour (worn)
Jewellery
 f - a +6 ring of intelligence
Scrolls
 e - a scroll of identify {unknown}
Potions
 c - a potion of curing {unknown}
 g - a potion of mutation {unknown}
 h - a potion of lignification {unknown}


   Skills:
 + Level 3.4 Fighting
 + Level 3.3 Maces & Flails
 + Level 2.1 Armour
 + Level 1.8 Dodging


You had 2 spell levels left.
You didn't know any spells.
Your spell library was empty.

Dungeon Overview and Level Annotations

Branches:
Dungeon (1/15)

Altars:


Innate Abilities, Weirdness & Mutations

Your serpentine skin is tough. (AC +1)
You have supernaturally acute eyesight. (SInv)
Armour fits poorly on your strangely shaped body.
Your system is resistant to poisons. (rPois)
You cover ground very slowly.
You can spit poison.
You have a snake-like lower body.


Message History

No target in view!
No target in view!
No target in view!
No target in view!
No target in view!
No target in view!
No target in view!
No target in view!
No target in view!
No target in view!
No target in view!
No target in view!
No target in view!
(D) Dungeon
Where to? (Enter - D:1 @ (x,y), ? - help)
What level of the Dungeon? (default 1, ? - help) You're already here!
Clearing monster memory.
Press: ? - help, . - travel You can't see that place. [a rock wall.]
A frilled lizard comes into view.
Found a robe.
The frilled lizard bites you.
You closely miss the frilled lizard. The frilled lizard bites you.
You barely miss the frilled lizard.
The frilled lizard bites you but does no damage.
You closely miss the frilled lizard. The frilled lizard barely misses you.
You closely miss the frilled lizard. The frilled lizard bites you.
You sock the frilled lizard!
You kill the frilled lizard!
Trog accepts your kill.
No target in view!
No target in view!
You open the door.
There is an open door here.
There is a staircase leading out of the dungeon here.
Are you sure you want to leave the Dungeon?
This will make you lose the game! [Y]es or [N]o only, please.
Are you sure you want to leave the Dungeon?
This will make you lose the game!
You have escaped!

....# ##+## #.......# ###.#
##...## ####.######### ##.#
##.....## #........... ##..#
##.......## #....†..##
#...####.........###....#..###
.......'....................≈#
#...####..........##....≈..≈≈#
##..# ##............≈§≈.≈≈≈≈#
#..# ##......@#..§§≈≈≈≈≈≈≈#
#†## ##...#.##..≈≈≈≈≈≈≈≈≈# #.#
##+##....§§≈≈≈≈≈≈≈≈# #.#
#......§§≈≈≈≈≈≈≈≈≈# #.#
#..#...§≈§§≈≈≈≈≈≈≈# ...
#).#....≈≈§§≈≈≈≈ #.. ..
.....≈≈≈≈≈≈≈≈ #[
.......≈≈≈≈≈≈≈≈≈≈
..#..≈≈≈≈≈≈≈≈≈


There were no monsters in sight!

Vanquished Creatures
  A gnoll (D:1)
  A dart slug (D:1)
  2 endoplasms (D:1)
  4 goblins (D:1)
  2 hobgoblins (D:1)
  2 jackals (D:1)
  3 quokkas (D:1)
  2 ball pythons (D:1)
  2 bats (D:1)
  2 frilled lizards (D:1)
  A kobold (D:1)
  A rat (D:1)
23 creatures vanquished.

Notes
Turn   | Place    | Note
-------+----------+-------------------------------------------
     0 | D:1      | fantasyman the Naga Berserker began the quest for the Orb.
     0 | D:1      | Reached XP level 1. HP: 21/21 MP: 1/1
   378 | D:1      | Reached XP level 2. HP: 24/28 MP: 2/2
   816 | D:1      | Reached XP level 3. HP: 34/34 MP: 3/3
  1114 | D:1      | Found a faded altar of an unknown god.
  1268 | D:$      | Got out of the dungeon alive.

Illustrated notes

Levels and vault maps discovered:
D:1:      dpeg_arrival_lava_altar, layout_loops_corners,
          dilly_ecumenical_altar_fadedgnrine, minmay_hedge_maze

Skill      XL: |  1  2 |
---------------+-------+-----
Armour         | 2 |  2.1
Fighting       | |  3.4
Maces & Flails | |  3.3
Dodging        | |  1.8

Action                   || total
-------------------------++-------
Melee: Mace              ||    52
Invok: Berserk           ||     1
 Abil: Spit Poison       ||     7
Armor: Animal skin       ||     1
       Plate armour      ||    28
Dodge: Dodged            ||    16
